 Dungeon Crawl Stone Soup version 0.29.1-4-g47bece8355 (webtiles) character file.

Game seed: 5151150159932385729

38 ChadusMaximus the Caller (level 3, 0/24 HPs)
             Began as a Human Summoner on Dec 7, 2022.
             Succumbed to an adder's poison
             ... on level 2 of the Dungeon.
             The game lasted 00:02:20 (2388 turns).

ChadusMaximus the Caller (Human Summoner)           Turns: 2388, Time: 00:02:20

Health: 0/24       AC:  2    Str:  8    XL:     3   Next: 65%
Magic:  2/6        EV: 12    Int: 17    God:
Gold:   75         SH:  0    Dex: 13    Spells: 0/6 levels left

rFire   . . .      SeeInvis .   d - +0 hand axe
rCold   . . .      Faith    .   (no shield)
rNeg    . . .      Spirit   .   a - +0 robe
rPois   .          Reflect  .   (no helmet)
rElec   .          Harm     .   (no cloak)
rCorr   .          Rampage  .   (no gloves)
Will    .....                   (no boots)
Stlth   ++........              (no amulet)
HPRegen 0.08/turn               (no ring)
MPRegen 0.10/turn               (no ring)

@: lethally poisoned (0 -> -9)
A: no striking features
a: no special abilities


You were on level 2 of the Dungeon.
You visited 1 branch of the dungeon, and saw 2 of its levels.

You collected 75 gold pieces.

Inventory:

Hand Weapons
 d - a +0 hand axe (weapon)
Armour
 a - a +0 robe (worn)
Scrolls
 f - a scroll of magic mapping {unknown}
 i - a scroll of fear {unknown}
 j - a scroll of amnesia {unknown}
 l - 2 scrolls of teleportation {unknown}
 m - a scroll of enchant armour {unknown}
 n - a scroll of noise {unknown}
Potions
 b - 2 potions of magic
 c - 2 potions of cancellation {unknown}
 e - 2 potions of brilliance {unknown}
 g - a potion of ambrosia {unknown}
 h - a potion of flight {unknown}
 k - 2 potions of degeneration {unknown}


   Skills:
 - Level 2.3 Dodging
 - Level 2.4 Stealth
 + Level 2.4 Spellcasting
 * Level 4.4 Summonings


You couldn't memorise any spells.
You knew the following spells:

 Your Spells              Type           Power      Damage    Failure   Level
a - Summon Small Mammal   Summ           68%        N/A       3%          1
b - Call Canine Familiar  Summ           17%        N/A       9%          3
c - Call Imp              Summ           17%        N/A       4%          2

Your spell library contained the following spells:

 Spells                   Type           Power      Damage    Failure   Level
 Summon Guardian Golem    Hex/Summ       9%         N/A       22%         3
 Ozocubu's Armour         Ice            2%         N/A       50%         3
 Summon Lightning Spire   Summ/Air       9%         N/A       58%         4
 Metabolic Englaciation   Hex/Ice        1%         N/A       99%         5
 Simulacrum               Ice/Necr       1%         N/A       100%        6


Dungeon Overview and Level Annotations

Branches:
Dungeon (2/15)

Altars:


Message History

The adder is moderately wounded.
The adder misses you.
Your quokka bites the adder.
The adder completely misses you.
Your quokka barely misses the adder.
Your rat barely misses the adder.
You miss the adder.
The adder is severely wounded.
The adder bites you.
Your quokka closely misses the adder.
Your rat misses the adder. The adder barely misses you.
Your quokka barely misses the adder.
You hit the adder but do no damage.
The adder is severely wounded.
Your quokka dies!
Your quokka's corpse disappears in a puff of smoke!
Your rat barely misses the adder.
The adder bites you but does no damage.
Unknown command.
You miss the adder.
The adder is severely wounded.
The adder bites you.
You are poisoned.
The adder poisons you!
Your rat barely misses the adder.
The adder barely misses you.
Your rat closely misses the adder.
You closely miss the adder.
The adder is severely wounded.
You feel very sick. The adder misses you.
Your rat barely misses the adder.
The adder bites you.
You miss the adder.
The adder is severely wounded.
You feel sick. The adder bites you.
You are lethally poisoned!
The adder poisons you!
Your rat closely misses the adder.
Unknown command.
Casting: Summon Small Mammal (safe; 3% risk of failure)
Confirm with . or Enter, or press ? or * to list all spells.
* * * LOW HITPOINT WARNING * * *
You feel sick. The adder closely misses you.
Your rat completely misses the adder.
The adder bites you.
* * * LOW HITPOINT WARNING * * *
Unknown command.
You swap places.
You die...

#....# ####.# #.#
#.# #.#
#############.#
#.#
#.............#
#.#
#S###########.#
#.# #rr........
#.# #@.########
#.######..######
#.....†........#
########..####...
#..# #..# #..#
#... #####


You could see an adder (ally target) and 2 friendly rats.

Vanquished Creatures
  An adder (D:2)
  An endoplasm (D:1)
  A giant cockroach (D:2)
  4 hobgoblins
  2 jackals (D:2)
  A ball python (D:1)
  A bat (D:1)
  A goblin (D:1)
  2 kobolds
  4 rats
18 creatures vanquished.

Vanquished Creatures (collateral kills)
  A dart slug (D:1)
  An endoplasm (D:1)
  2 hobgoblins (D:1)
  A kobold (D:1)
  A quokka (D:1)
  2 ball pythons
8 creatures vanquished.

Grand Total: 26 creatures vanquished

Notes
Turn   | Place    | Note
-------+----------+-------------------------------------------
     0 | D:1      | ChadusMaximus the Human Summoner began the quest for the
                  | Orb.
     0 | D:1      | Reached XP level 1. HP: 13/13 MP: 3/3
    97 | D:1      | Reached XP level 2. HP: 14/19 MP: 1/5
   723 | D:1      | Found a faded altar of an unknown god.
  1533 | D:2      | Reached XP level 3. HP: 22/24 MP: 3/6
  1537 | D:2      | Learned a level 3 spell: Call Canine Familiar
  1540 | D:2      | Learned a level 2 spell: Call Imp
  2388 | D:2      | Succumbed to an adder's poison

Illustrated notes

Levels and vault maps discovered:
D:1:      minmay_arrival_wavy_path, layout_basic, ebering_ecumenical_altar_webs
D:2:      layout_loops_ring, chequers_arboretum, uniq_crazy_yiuf_cottage,
          uniq_jessica

Action                   || total
-------------------------++-------
Melee: Unarmed           ||     6
       Hand axe          ||    88
 Cast: Summon Small Mamm ||    35
 Stab: Sleeping          ||     3
Armor: Robe              ||    21
Dodge: Dodged            ||    88
